 Dungeon Crawl Stone Soup version 0.31-a0-180-g519b7de00c (webtiles) character file.

Game seed: 13809414596344270471

53 qw the Chopper (level 3, -1/23 HPs)
             Began as a Gargoyle Fighter on June 20, 2023.
             Slain by a +2 spectral club (3 damage)
             ... created by Ijyb
             ... on level 2 of the Dungeon.
             The game lasted 00:00:32 (1299 turns).

qw the Chopper (Gargoyle Fighter)                   Turns: 1299, Time: 00:00:33

Health: -1/23      AC: 10    Str: 21    XL:     3   Next: 87%
Magic:  0/3        EV:  9    Int:  8    God:
Gold:   79         SH:  4    Dex:  9    Spells: 2/2 levels left

rFire   . . .        g - +1 war axe (spect)
rCold   + . .        c - +0 buckler
rNeg    + . .        b - +0 scale mail
rPois   inf          (no helmet)
rElec   +            (no cloak)
rCorr   .            (no gloves)
SInv    .            (no boots)
Will    .....        k - amulet of guardian spirit Stlth
                     f - ring of protection from cold
HPRegen 0.23/turn    (no ring)
MPRegen 0.08/turn

%: guardian spirit
@: no status effects
A: sickness immunity, AC +3, negative energy resistance 1, electricity
resistance, torment resistance 1, petrification resistance
a: no special abilities


You were on level 2 of the Dungeon.
You visited 1 branch of the dungeon, and saw 2 of its levels.

You collected 79 gold pieces.


Innate Abilities, Weirdness & Mutations

You are immune to sickness and miasma.
Your stone body is resilient. (AC +3)
You are immune to poison.
You resist negative energy. (rN+)
You are resistant to electric shocks. (rElec)
You are resistant to unholy torment.
You are immune to petrification.


   Skills:
 - Level 3.2 Fighting
 + Level 3.7 Axes
 - Level 3.2 Armour
 - Level 3.2 Shields


You had 2 spell levels left.
You didn't know any spells.
Your spell library was empty.

Inventory:

Hand Weapons
 g - a +1 spectral war axe (weapon)
 h - a +0 club
Armour
 b - a +0 scale mail (worn)
 c - a +0 buckler (worn)
Jewellery
 f - a ring of protection from cold (left hand)
 k - an amulet of guardian spirit (around neck)
Potions
 a - a potion of attraction {unknown}
 d - a potion of might
 i - a potion of lignification {unknown}
 j - a potion of ambrosia {unknown}
 l - a potion of curing {unknown}
 m - a potion of enlightenment {unknown}

Dungeon Overview and Level Annotations

Branches:
Dungeon (2/15)

Altars:
Wu Jian

Annotations:
D:2 Ijyb


Message History

Enter note:
Enter note: You slash the goblin!
You kill the goblin!
You closely miss the goblin. You hit the goblin.
You kill the goblin!
Your +1 spectral war axe closely misses the goblin.
The goblin hits you but does no damage. x2; Ijyb zaps a wand.
The roots erupt in riotous growth!
The goblin is unaffected.
Ijyb is unaffected.
Your +1 spectral war axe is unaffected.
The grasping roots grab you! The grasping roots constrict you.
You slash the goblin!
You kill the goblin!
Your +1 spectral war axe disappears.
The goblin unwields a +0 club.
The goblin wields a +0 sling.
The goblin shoots a sling bullet.
The sling bullet barely misses you. The grasping roots constrict you.
You closely miss Ijyb.
Your +1 spectral war axe misses Ijyb.
Ijyb drinks a potion.
Ijyb seems to grow stronger.
The grasping roots constrict you.
The grasping roots release their grip on you.
You barely miss Ijyb.
Your +1 spectral war axe closely misses Ijyb.
Ijyb hits you with a +2 spectral club. The +2 spectral club hits you.
The goblin shoots a sling bullet.
The sling bullet barely misses you. Ijyb hits you with a +2 spectral club!
You block the +2 spectral club's attack.
The goblin shoots a sling bullet.
The sling bullet hits you but does no damage.
A +2 spectral club comes into view.
You slash Ijyb!
Ijyb is heavily wounded.
You hit the +2 spectral club but do no damage.
Your +1 spectral war axe hits Ijyb!
Your +1 spectral war axe hits the +2 spectral club.
Ijyb shares her spectral weapon's damage!
Your +1 spectral war axe completely misses Ijyb.
The +2 spectral club hits you. x2
You die...

#.._...##....# ###.#
#...........######.###
#......####.%...##...##
##..#.....#####..###..#
##.#.....# ##..###.#
#.#.....# ##.###.>
##.#.....# #...###
##..#>#.###########(.##
#..!)(@.# .......|....
.......(g....############
.#8.....8#....#
#.......###.... .
#8..g..8# #... ..
#.......# ## ...
#8.....8# .... #......?#
.....


You could see a +2 spectral club, Ijyb (strong), a goblin and a friendly +1
spectral war axe.

Vanquished Creatures
  An adder (D:2)
  A dart slug (D:1)
  An orc (D:2)
  2 endoplasms (D:2)
  A giant cockroach (D:2)
  8 goblins
  2 quokkas (D:2)
  9 ball pythons
  7 bats (D:1)
  4 frilled lizards
  2 kobolds (D:1)
  3 rats
41 creatures vanquished.

Notes
Turn   | Place    | Note
-------+----------+-------------------------------------------
     0 | D:1      | qw the Gargoyle Fighter began the quest for the Orb.
     0 | D:1      | Reached XP level 1. HP: 14/14 MP: 1/1
     0 | D:1      | 0 ||| qw: Version: 0.3-a-9-g12657ce
     0 | D:1      | 0 ||| qw: Game counter: 1141
     0 | D:1      | 0 ||| qw: Always use a shield: true
     0 | D:1      | 0 ||| qw: God list: Okawaru
     0 | D:1      | 0 ||| qw: Allow faded altars: false
     0 | D:1      | 0 ||| qw: Do Orc after D:15 true
     0 | D:1      | 0 ||| qw: Do second Lair branch before Depths: true
     0 | D:1      | 0 ||| qw: Lair rune preference: random
     0 | D:1      | 0 ||| qw: Plans: Normal, Zot:1-4, Slime:5, God:TSO, Crypt,
                  | Tomb, Abyss, Pan, Hells, Win
     0 | D:1      | 0 ||| PLANNING D:1-11
   193 | D:1      | Reached XP level 2. HP: 19/19 MP: 2/2
   619 | D:1      | Reached skill level 3 in Axes
   823 | D:1      | 823 ||| UPGRADING to amulet of guardian spirit.
   828 | D:1      | 828 ||| UPGRADING to ring of protection from cold.
   829 | D:1      | 829 ||| READING scroll labelled RUUGYX XAHUIKOHA.
   830 | D:1      | 830 ||| READING 2 scrolls labelled CONAIRR YR HUNK.
   831 | D:1      | 831 ||| READING scroll of enchant weapon.
   831 | D:1      | 831 ||| ENCHANTING +0 spectral war axe.
   843 | D:2      | Reached XP level 3. HP: 23/23 MP: 3/3
   873 | D:2      | Found an ornate altar of the Wu Jian Council.
   994 | D:2      | 994 ||| Stepping ~*~*~tactically~*~*~ (water).
  1264 | D:2      | 1264 ||| Stepping ~*~*~tactically~*~*~ (stealth).
  1291 | D:2      | Noticed Ijyb
  1298 | D:2      | HP: 4/23 [Ijyb/+2 spectral club (9)]
  1299 | D:2      | Slain by a +2 spectral club

Levels and vault maps discovered:
D:1:      roderic_octagonal_star, layout_basic
D:2:      kennysheep_the_goblin_king, layout_rooms, serial_aquarium,
          aquarium_bridge_square [aquarium_subvault_window,
          aquarium_subvault_window, aquarium_subvault_balcony,
          aquarium_subvault_bridge], aquarium_window_fake,
          aquarium_window_corridor_3, aquarium_view_2c, basic_altar,
          serial_bayou_crossing, uniq_crazy_yiuf_cottage

Skill      XL: |  1  2 |
---------------+-------+-----
Axes           | 2 3 |  3.7
Fighting       | |  3.2
Armour         | |  3.2
Shields        | |  3.2

Action                     || total
---------------------------++-------
  Melee: War axe           ||    81
    Use: Scroll            ||     3
 Armour: Scale mail        ||    38
  Dodge: Dodged            ||    37
  Block: Buckler           ||    14

Table legend:
 A = Non-vault XP
 B = Vault XP
 C = Vault XP percentage of total XP
 D = Non-vault monster count
 E = Vault monster count
 F = Vault count percentage of total count
                 A         B        C        D         E       F
            +---------+---------+-------+---------+---------+-------
      Total |      67 |       9 |  11.8 |      36 |       5 |  12.2
            +---------+---------+-------+---------+---------+-------
        D:1 |      31 |       0 |   0.0 |      20 |       0 |   0.0
        D:2 |      36 |       9 |  20.0 |      16 |       5 |  23.8
            +---------+---------+-------+---------+---------+-------
